Map: Purity and Industry LE

Players

PartinG - Winner!

  • Race: Protoss Protoss
  • League: Grandmaster
  • Spawn Location: 3:00

LiquidClem (Clem)

  • Race: Terran Terran
  • Spawn Location: 12:00

VOD

Have the link to the VOD?

Description

Time

  • Played on: April 30, 2020, 8:45 a.m.
  • Length: 11:10
Show
View Real Time Build Order
Export as new Build Order

PartinG Protoss - Winner!

Build Orders: 1 Gate Expand, Phoenix Opening, Colossus Rush 

Get SALT Encoding   

  12  0:00  Probe  
  13  0:13  Probe  
  14  0:19  Pylon  
  14  0:25  Probe  
  15  0:37  Probe (Chrono Boost)  
  15  0:38  Gateway  
  16  0:47  Probe (Chrono Boost), Assimilator  
  17  0:52  Probe  
  18  1:04  Probe  
  19  1:16  Probe  
  20  1:25  Cybernetics Core  
  20  1:34  Nexus  
  20  1:43  Pylon  
  20  1:45  Probe  
  21  1:53  Assimilator  
  21  1:58  Adept (Chrono Boost), Probe  
  24  2:10  Probe  
  25  2:19  Stalker (Chrono Boost)  
  27  2:26  Warp Gate  
  27  2:27  Probe  
  28  2:40  Stargate  
  29  2:45  Probe (Chrono Boost)  
  29  2:47  Probe (Chrono Boost)  
  30  2:53  Stalker  
  30  2:57  Probe (Chrono Boost)  
  30  2:58  Probe (Chrono Boost)  
  34  3:02  Probe (Chrono Boost)  
  35  3:06  Probe  
  35  3:10  Pylon  
  36  3:16  Probe  
  36  3:18  Probe  
  38  3:29  Probe, Phoenix (Chrono Boost)  
  38  3:30  Probe  
  39  3:40  Assimilator  
  39  3:41  Robotics Facility  
  39  3:42  Assimilator  
  39  3:45  Probe x2, Phoenix (Chrono Boost)  
  43  3:55  Pylon  
  43  3:57  Probe  
  43  3:58  Probe  
  43  3:59  Gateway  
  45  4:08  Phoenix (Chrono Boost)  
  47  4:10  Probe x2  
  49  4:22  Probe  
  49  4:23  Stalker, Probe  
  53  4:25  Phoenix  
  55  4:34  Probe  
  55  4:35  Probe  
  57  4:46  Probe  
  57  4:47  Probe  
  57  4:48  Robotics Bay  
  57  4:51  Observer  
  60  4:53  Zealot  
  62  5:02  Pylon  
  62  5:04  Pylon  
  62  5:10  Nexus  
  62  5:14  Pylon  
  62  5:20  Probe x2  
  64  5:23  Observer (Chrono Boost)  
  64  5:25  Sentry x2  
  64  5:28  Forge  
  69  5:30  Twilight Council  
  69  5:32  Probe x2  
  71  5:38  Pylon  
  71  5:41  Colossus (Chrono Boost)  
  71  5:46  Extended Thermal Lance (Chrono Boost)  
  77  5:51  Zealot  
  77  5:52  Zealot  
  81  5:57  Gateway  
  81  5:58  Probe  
  81  5:59  Blink (Chrono Boost)  
  82  6:05  Probe  
  82  6:10  Protoss Ground Weapons Level 1 (Chrono Boost)  
  82  6:11  Observer  
  83  6:15  Photon Cannon  
  83  6:18  Shield Battery  
  83  6:19  Probe x2  
  83  6:23  Probe  
  86  6:30  Colossus (Chrono Boost)  
  86  6:35  Observer  
  86  6:37  Shield Battery x2  
  92  6:42  Probe  
  92  6:43  Probe x2  
  92  6:46  Stalker  
  97  6:47  Stalker  
  97  6:52  Stalker  
  101  7:01  Probe x2  
  101  7:02  Probe  
  101  7:03  Photon Cannon  
  102  7:15  Stalker x2  
  102  7:16  Stalker  
  102  7:24  Colossus (Chrono Boost)  
  108  7:36  Gateway  
  108  7:37  Probe, Gateway x2  
  108  7:41  Pylon, Gateway  
  108  7:42  Pylon  
  109  7:45  Pylon  
  109  7:48  Gateway  
  109  7:59  Probe x2  
  107  8:06  Protoss Ground Armor Level 1 (Chrono Boost)  
  107  8:07  Observer, Charge (Chrono Boost)  
  107  8:09  Stalker x3  
  103  8:20  Nexus  
  103  8:22  Pylon  
  103  8:24  Pylon  
  103  8:31  Templar Archives  
  103  8:33  Warp Prism (Chrono Boost)  
  103  8:35  Pylon  
  103  8:36  Assimilator x2  
  103  8:38  Sentry x2  
  103  8:39  Zealot x5  
  119  8:42  Zealot  
  121  8:52  Observer, Gateway  
  121  8:53  Gateway  
  121  9:01  Zealot x4  
  121  9:02  Zealot  
  130  9:06  Observer  
  130  9:09  Probe x2  
  132  9:16  Zealot x3  
  138  9:18  Observer  
  138  9:21  Probe x3  
  142  9:29  Zealot x5, Observer  
  152  9:41  Zealot  
  152  9:42  Probe  
  152  9:43  Probe x3  
  152  9:44  High Templar x2  
  161  9:54  Photon Cannon, Forge  
  161  9:55  High Templar  
  161  9:56  High Templar x3  
  161  9:57  Archon  
  169  10:00  Archon x2  
  169  10:02  Zealot  
  169  10:05  Pylon  
  171  10:07  Pylon  
  171  10:09  Pylon  
  157  10:28  Zealot x4  
  157  10:29  Zealot x6  
  143  10:52  Zealot x8  
  143  10:53  Zealot x2  
Show
View Real Time Build Order
Export as new Build Order

LiquidClem Terran 

Build Orders: Reaper Expand 

Get SALT Encoding   

  12  0:00  SCV  
  13  0:12  SCV  
  14  0:17  Supply Depot  
  14  0:25  SCV  
  15  0:38  SCV  
  15  0:40  Barracks  
  16  0:43  Refinery  
  16  0:50  SCV  
  17  1:02  SCV  
  18  1:15  SCV  
  19  1:27  Reaper  
  19  1:28  Orbital Command  
  20  1:43  Command Center  
  20  1:49  Supply Depot  
  21  1:54  SCV  
  21  1:59  Marine  
  22  2:06  SCV  
  23  2:10  Factory  
  23  2:16  Bunker  
  23  2:19  SCV  
  23  2:22  Barracks Reactor  
  24  2:27  Refinery  
  24  2:31  SCV  
  25  2:43  SCV  
  26  2:55  Orbital Command, SCV, Hellion  
  26  2:57  Starport  
  29  3:00  Marine  
  29  3:03  Marine  
  31  3:07  SCV  
  32  3:16  Widow Mine  
  32  3:18  Marine  
  32  3:19  SCV  
  36  3:21  Marine  
  36  3:22  SCV  
  36  3:31  SCV  
  37  3:34  SCV  
  37  3:35  Medivac  
  37  3:36  Marine  
  37  3:38  Widow Mine  
  42  3:43  Supply Depot  
  42  3:44  SCV  
  42  3:46  SCV  
  42  3:47  Marine  
  45  3:56  SCV  
  45  3:59  Barracks  
  45  4:01  Barracks  
  45  4:02  Factory Tech Lab  
  46  4:05  SCV  
  46  4:08  Supply Depot  
  46  4:09  Marine  
  48  4:10  SCV  
  48  4:14  Starport Tech Lab  
  49  4:17  Engineering Bay  
  49  4:22  SCV  
  49  4:23  Refinery  
  50  4:24  SCV  
  50  4:30  Siege Tank  
  54  4:33  Marine x2  
  54  4:35  SCV  
  54  4:38  SCV  
  54  4:47  Terran Infantry Weapons Level 1  
  54  4:48  SCV, Missile Turret  
  54  4:51  Marine x2  
  55  4:53  SCV  
  55  4:58  Stimpack  
  58  5:00  Marauder, SCV  
  58  5:05  Starport Reactor  
  59  5:09  Marine x3  
  59  5:10  SCV  
  59  5:11  Factory Reactor  
  61  5:15  Supply Depot, SCV, Missile Turret  
  61  5:21  Marine  
  60  5:22  SCV  
  60  5:25  Combat Shield  
  60  5:26  Marine  
  61  5:29  Supply Depot, Marine  
  61  5:32  Supply Depot  
  62  5:36  Marine, SCV x2  
  62  5:41  Marauder  
  67  5:43  Refinery  
  67  5:45  Supply Depot, Marauder  
  67  5:48  SCV  
  70  5:51  SCV, Medivac  
  70  5:52  Marine  
  70  5:54  Marine  
  70  5:55  Medivac  
  77  6:00  Supply Depot  
  77  6:03  Widow Mine x2  
  81  6:05  Marauder  
  81  6:08  Supply Depot  
  81  6:10  Marauder  
  85  6:11  Marine  
  85  6:13  SCV  
  85  6:16  Supply Depot  
  87  6:22  SCV  
  88  6:29  Marine  
  88  6:33  Marauder  
  88  6:38  Concussive Shells, Command Center, Widow Mine x2  
  94  6:44  Supply Depot  
  94  6:45  Marine  
  95  6:49  Terran Infantry Armor Level 1  
  95  6:50  Marine  
  95  6:51  Marauder  
  95  6:52  SCV x2  
  100  7:00  Barracks  
  100  7:04  Barracks  
  100  7:05  Widow Mine  
  100  7:08  Medivac  
  104  7:09  Medivac  
  104  7:15  Marine  
  102  7:19  Marauder  
  102  7:20  SCV  
  102  7:22  Marine  
  98  7:23  Marauder  
  98  7:28  Supply Depot, SCV  
  99  7:32  Starport  
  98  7:38  SCV  
  98  7:43  Viking x2, SCV  
  104  7:48  Supply Depot  
  104  7:55  Orbital Command  
  104  7:56  SCV  
  103  8:00  Barracks Tech Lab, Barracks Reactor  
  103  8:02  Marine  
  103  8:03  SCV  
  90  8:06  Marine  
  90  8:08  Marauder  
  90  8:10  SCV  
  90  8:12  Viking, Marauder  
  92  8:15  Viking  
  92  8:16  SCV  
  95  8:20  Viking  
  95  8:22  SCV  
  95  8:23  Viking  
  100  8:27  Marine x2  
  100  8:31  Ghost Academy  
  100  8:32  SCV x2  
  104  8:35  Marauder  
  104  8:40  Marauder x2  
  110  8:41  Marine  
  110  8:42  Marine  
  110  8:45  Marine  
  110  8:46  SCV x3  
  116  8:51  Viking  
  116  8:52  Viking  
  118  8:57  Viking  
  118  9:00  Marauder  
  118  9:01  Marauder  
  123  9:03  Refinery  
  123  9:06  Refinery, Marine x2  
  123  9:07  Marine, SCV  
  123  9:09  SCV  
  128  9:18  Armory  
  128  9:19  Engineering Bay  
  132  9:29  Viking  
  136  9:32  Medivac  
  136  9:33  Marine x4  
  141  9:40  Supply Depot  
  141  9:47  Marine, Unknown  
  141  9:48  Command Center  
  141  9:50  Unknown  
  142  9:53  Unknown  
  142  9:54  Marine  
  142  9:55  Marine x2  
  145  10:02  SCV  
  145  10:03  SCV  
  145  10:04  Sensor Tower  
  147  10:12  Marine x2  
  149  10:17  Marine x3  
  149  10:20  Supply Depot, Unknown  
  139  10:30  Marauder  
  139  10:34  Marine, Marauder  
  126  10:44  Marine x2  
  102  10:50  Marine  
  102  10:52  Marine  
  92  11:02  Unknown  
Tags
 
Add a new tag
Caveats
  • Supply blocks, unpowered buildings, or Contaminate may cause inaccurate times.
  • Supply counts are checked every 10 seconds.